 Dungeon Crawl Stone Soup version 0.23.2-40-g277498a001 (webtiles) character file.

Game seed: 15438952082145485036

9445 Leekoo the Spear-Bearer (level 11, 0/77 HPs)
             Began as a Formicid Fighter on Sept 26, 2019.
             Was an Initiate of Gozag.
             Succumbed to an adder's poison
             ... on level 9 of the Dungeon.
             The game lasted 01:56:01 (15828 turns).

Leekoo the Spear-Bearer (Formicid Fighter)         Turns: 15828, Time: 01:56:02

Health: 0/77       AC:  5    Str: 25    XL:     11   Next: 74%
Magic:  1/11       EV: 16    Int:  7    God:    Gozag
Gold:   1330       SH: 12    Dex: 10    Spells: 10/10 levels left

rFire    . . .     SeeInvis +   a - +1 trident (flame)
rCold    . . .     Gourm    .   c - +0 shield
rNeg     . . .     Faith    .   o - +2 leather armour {rPois}
rPois    +         Spirit   +   (helmet unavailable)
rElec    .         Reflect  .   (no cloak)
rCorr    .         Harm     .   (no gloves)
MR       +....                  (no boots)
Stlth    ++++......             A - amulet of guardian spirit
HPRegen  0.22/turn              g - ring of stealth
MPRegen  0.12/turn              z - +5 ring of evasion

@: lethally poisoned (0 -> -1)
A: permanent stasis, dig shafts and tunnels, four strong arms, antennae 3
a: Dig, Shaft Self, Potion Petition, Call Merchant, Bribe Branch, Renounce
Religion


You were on level 9 of the Dungeon.
You worshipped Gozag.
Gozag was most pleased with you.
You were not hungry.

You visited 2 branches of the dungeon, and saw 12 of its levels.

You collected 2152 gold pieces.
You paid 822 gold pieces to Gozag.

Inventory:

Hand Weapons
 a - a +1 trident of flaming (weapon)
 w - a +1 vampiric spear
Missiles
 e - 74 stones (quivered)
 n - a throwing net
 v - 6 curare-tipped needles
Armour
 b - a +0 scale mail
 c - a +0 shield (worn)
 o - a +2 leather armour of poison resistance (worn)
Jewellery
 d - an uncursed ring of protection from fire
 g - a ring of stealth (left hand)
 z - a +5 ring of evasion (right hand)
 A - an amulet of guardian spirit (around neck)
 E - an uncursed ring of flight
 G - a +3 ring of intelligence
Wands
 t - a wand of random effects (39)
 y - a wand of paralysis (5)
 B - a wand of flame (21)
 I - a wand of acid (6)
Scrolls
 h - 2 scrolls of identify
 i - 7 scrolls of remove curse
 l - a scroll of immolation {unknown}
 m - a scroll of brand weapon
 r - 2 scrolls of amnesia
 u - a scroll of enchant weapon
 x - a scroll of noise {unknown}
 F - a scroll of fog {unknown}
Potions
 j - 2 potions of lignification
 k - a potion of mutation {unknown}
 p - a potion of agility {unknown}
 q - a potion of experience {unknown}
 s - 2 potions of brilliance
 C - a potion of heal wounds {unknown}
 D - 2 potions of flight
 H - 2 potions of degeneration {unknown}
 J - a potion of cancellation {unknown}
 K - a potion of ambrosia {unknown}
Comestibles
 f - 14 rations


   Skills:
 - Level 4.0 Fighting
 * Level 13.9 Polearms
 - Level 6.1 Armour
 * Level 7.3 Stealth
 - Level 9.0 Shields


You had 10 spell levels left.
You didn't know any spells.
Your spell library contained the following spells:

 Spells                   Type           Power        Failure   Level  Hunger
 Summon Small Mammal      Summ           #...         45%         1    ##.....
 Call Imp                 Summ           #.......     61%         2    ###....
 Call Canine Familiar     Summ           #.......     83%         3    ####...
 Summon Guardian Golem    Hex/Summ       #.......     83%         3    ####...
 Summon Ice Beast         Ice/Summ       #.......     99%         4    #####..
 Summon Lightning Spire   Summ/Air       #.......     99%         4    #####..


Dungeon Overview and Level Annotations

Branches:
Dungeon (11/15)            Temple (1/1) D:4
   Lair: D:8-11         Orc: D:9-12

Altars:
Ashenzari
Cheibriados
Dithmenos
Elyvilon
Fedhas
Gozag
Hepliaklqana
Kikubaaqudgha
Makhleb
Nemelex Xobeh
Okawaru
Qazlal
Ru
Sif Muna
Trog
Uskayaw
Vehumet
Wu Jian
Xom
Yredelemnul
Zin
The Shining One

Shops:
D:5 }

Annotations:
D:10 Snorg


Innate Abilities, Weirdness & Mutations

You cannot be hasted, slowed, berserked, paralysed or teleported.
You can dig through walls and to a lower floor.
Your four strong arms can wield two-handed weapons with a shield.
You have a pair of large antennae on your head. (SInv)


Message History

The orc wizard blinks!
You block the orc's attack.
You feel sick.
The orc warrior zaps a wand.
You resist with almost no effort. You block the orc's attack.
You block the orc warrior's attack.
You feel sick. The two-headed ogre closely misses you.
The two-headed ogre hits you with a +0 giant club.
* * * LOW HITPOINT WARNING * * *
The orc warrior zaps a wand.
You resist with almost no effort.
The adder hisses angrily.
There is a stone staircase leading up, spattered with blood here.
You feel sick.
The two-headed ogre hits you with a cursed -2 giant spiked club!
* * * LOW HITPOINT WARNING * * *
You block the two-headed ogre's attack.
You climb upwards.
There is a stone staircase leading down here.
You die...
Your body crumbles into a pile of gold.

#................................
#.##########..#################..
#.# #..# #..
#.##########..#################..
#.............................<..
#................................
#..............##########...#####
#.###########..##########...#####
#...............@.>..............
#..................O.............
#.......................#########
#..##################...#########
#..##################............
#................................
#................................
#...................#############
#................................


You could see a two-headed ogre.

Vanquished Creatures
  The ghost of grindst0ne the Prestidigitator, a novice HuAr of Okawaru (D:9)
  An unseen horror (D:10)
  A manticore (D:6)
  Joseph (D:7)
  A centaur zombie (D:10)
  A gargoyle (D:9)
  A hornet (D:9)
  3 hippogriffs
  A meliai zombie (D:10)
  A shadow (D:10)
  A wyvern (D:5)
  Eustachio (D:5)
  4 wraiths
  2 hungry ghosts
  Menkaure (D:5)
  3 soldier ants
  4 orc warriors
  2 sky beasts
  2 ice beasts
  A black bear (D:7)
  A phantom (D:4)
  5 ogres
  3 centaurs
  A big kobold (D:9)
  An elf zombie (D:4)
  2 bullfrogs (D:6)
  A wyvern zombie (D:10)
  2 elf skeletons (D:4)
  A water moccasin zombie (D:7)
  A wyvern skeleton (D:6)
  8 killer bees
  5 wights (D:6)
  An electric eel (D:8)
  2 howler monkeys
  A bullfrog zombie (D:5)
  5 crimson imps
  A quasit (D:6)
  4 orc priests
  A bullfrog skeleton (D:8)
  A jelly (D:8)
  3 hounds
  2 centaur skeletons
  4 iguanas
  2 human skeletons (D:4)
  8 orc wizards
  10 worker ants
  2 hound skeletons
  A howler monkey zombie (D:7)
  16 adders
  4 gnolls
  3 shadow imps
  An adder zombie (D:6)
  5 adder skeletons
  7 worms
  4 dart slugs
  6 leopard geckos
  28 orcs
  A ball python (D:3)
  10 bats
  4 giant cockroaches
  3 goblins
  6 hobgoblins
  10 jackals
  3 quokkas
  A ball python skeleton (D:4)
  4 frilled lizards
  12 kobolds
  A leopard gecko skeleton (D:4)
  A leopard gecko zombie (D:6)
  An orc skeleton (D:4)
  3 rats
246 creatures vanquished.

Vanquished Creatures (others)
  4 bushes (D:6)
4 creatures vanquished.

Grand Total: 250 creatures vanquished

Notes
Turn   | Place    | Note
-------+----------+-------------------------------------------
     0 | D:1      | Leekoo the Formicid Fighter began the quest for the Orb.
     0 | D:1      | Reached XP level 1. HP: 18/18 MP: 1/1
   354 | D:1      | Reached XP level 2. HP: 19/24 MP: 2/2
   829 | D:1      | Reached XP level 3. HP: 30/30 MP: 3/3
  1367 | D:2      | Reached XP level 4. HP: 25/37 MP: 4/4
  1614 | D:2      | Reached skill level 3 in Polearms
  2489 | D:2      | Found a basalt altar of Yredelemnul.
  2489 | D:2      | Found a shattered altar of Ashenzari.
  2770 | D:3      | Reached XP level 5. HP: 42/42 MP: 5/5
  3830 | D:4      | Reached skill level 4 in Polearms
  4040 | D:4      | Reached XP level 6. HP: 43/48 MP: 6/6
  4202 | D:4      | Noticed a phantom
  4237 | D:4      | Killed a phantom
  4504 | D:4      | Reached skill level 5 in Polearms
  4859 | D:4      | Reached XP level 7. HP: 40/54 MP: 7/7
  5051 | D:4      | Found a staircase to the Ecumenical Temple.
  5109 | Temple   | Entered the Ecumenical Temple
  5290 | Temple   | Became a worshipper of Gozag Ym Sagoz the Greedy
  5423 | D:5      | Entered Level 5 of the Dungeon
  5768 | D:4      | Reached skill level 6 in Polearms
  5863 | D:4      | Reached skill level 5 in Armour
  5863 | D:4      | Reached skill level 5 in Shields
  6107 | D:4      | Reached XP level 8. HP: 54/60 MP: 8/8
  6274 | D:5      | Noticed Eustachio
  6301 | D:5      | You fall through a shaft!
  6374 | D:6      | Noticed a wyvern
  6377 | D:6      | You fall through a shaft for 3 floors!
  6626 | D:9      | Reached skill level 1 in Stealth
  6631 | D:9      | Reached skill level 7 in Polearms
  6712 | D:10     | Entered Level 10 of the Dungeon
  7599 | D:7      | Noticed Joseph
  7816 | D:6      | Reached XP level 9. HP: 65/65 MP: 9/9
  7954 | D:5      | Reached skill level 8 in Polearms
  8536 | D:5      | Noticed Menkaure
  8576 | D:5      | Killed Menkaure
  9051 | D:5      | Found Asiffisod's Gadget Shop.
  9179 | D:5      | Killed Eustachio
  9179 | D:5      | Reached skill level 9 in Polearms
  9909 | D:6      | Noticed a manticore
  9921 | D:6      | Killed a manticore
  9921 | D:6      | Reached skill level 10 in Polearms
  9921 | D:6      | Reached XP level 10. HP: 19/71 MP: 3/10
 10310 | D:6      | Reached skill level 5 in Stealth
 10461 | D:6      | Reached skill level 11 in Polearms
 10639 | D:7      | Found a radiant altar of Vehumet.
 11229 | D:7      | Killed Joseph
 12613 | D:9      | Reached skill level 12 in Polearms
 12906 | D:8      | Reached XP level 11. HP: 66/77 MP: 9/11
 13234 | D:8      | Found a faded altar of an unknown god.
 13234 | D:8      | Found a white marble altar of Elyvilon.
 13239 | D:8      | Found a bloodstained altar of Trog.
 13241 | D:8      | Found an ancient bone altar of Kikubaaqudgha.
 13242 | D:8      | Found a faded altar of an unknown god.
 13568 | D:9      | Found a runed translucent gate.
 13568 | D:9      | Found a runed translucent gate.
 13571 | D:9      | Found a runed translucent gate.
 13573 | D:9      | Noticed grindst0ne's ghost (novice HuAr)
 13693 | D:10     | Noticed Snorg
 14083 | D:9      | Killed grindst0ne's ghost
 14083 | D:9      | Reached skill level 13 in Polearms
 15648 | D:10     | Noticed an unseen horror
 15659 | D:10     | Killed an unseen horror
 15796 | D:10     | Noticed a two-headed ogre
 15797 | D:10     | Noticed a death yak
 15798 | D:10     | Noticed a death yak
 15825 | D:10     | HP: 1/77 [two-headed ogre/cursed -2 giant spiked club (6)]
 15828 | D:9      | Succumbed to an adder's poison

Skill      XL: |  1  2  3  4  5  6  7  8  9 10 11 |
---------------+----------------------------------+-----
Shields        | 4 5 6 7 8 9 |  9.0
Polearms       | 3 4 5 6 7 10 12 13 | 13.9
Armour         | 4 5 6 |  6.1
Fighting       | 4 |  4.0
Stealth        | 2 4 6 7 |  7.3

Action                   |  1- 3 |  4- 6 |  7- 9 | 10-12 || total
-------------------------+-------+-------+-------+-------++-------
Melee: Trident           |    81 |   322 |   413 |   564 ||  1380
Throw: Stone             |       |     5 |    15 |    35 ||    55
Invok: Potion Petition   |       |       |     2 |     1 ||     3
 Abil: Dig               |     1 |       |     5 |       ||     6
       Shaft Self        |       |       |     1 |       ||     1
  Use: Scroll            |       |     3 |     7 |     8 ||    18
       Potion            |       |     2 |     2 |     1 ||     5
 Stab: Invisible         |       |       |     4 |       ||     4
       Sleeping          |       |       |     3 |     3 ||     6
       Distracted        |       |       |     1 |     1 ||     2
  Eat: Ration            |     1 |     1 |     5 |     6 ||    13
       Chunk             |       |     6 |     1 |       ||     7
Armor: Scale mail        |    21 |    98 |    78 |    60 ||   257
       Leather armour    |       |       |       |     9 ||     9
Dodge: Dodged            |    19 |    66 |   155 |   167 ||   407
Block: Shield            |    36 |   118 |   167 |   185 ||   506
